 Seeded DCSS version 0.29-a0-299-g4c793a2 (webtiles) character file.

Game seed: 8598121536974683418 (custom seed)

630 catcat the Slasher (level 7, -7/81 HPs)
             Began as a Human Abyssal Knight on Mar 23, 2022.
             Was a Priest of Lugonu.
             Mangled by a two-headed ogre
             ... wielding a +0 giant spiked club
              (9 damage)
             ... on level 5 of the Dungeon.
             The game lasted 00:11:37 (5567 turns).

catcat the Slasher (Human Abyssal Knight)           Turns: 5567, Time: 00:11:37

Health: -7/81      AC: 23    Str: 15    XL:     7   Next: 77%
Magic:  9/9        EV:  2    Int: 10    God:    Lugonu [***...]
Gold:   153        SH:  0    Dex: 14    Spells: 6/6 levels left

rFire   . . .      SeeInvis .   a - +1 falchion
rCold   . . .      Faith    .   (no shield)
rNeg    . . .      Spirit   .   (body armour currently unavailable)
rPois   +          Reflect  .   (helmet currently unavailable)
rElec   .          Harm     .   (cloak currently unavailable)
rCorr   .          Rampage  .   (gloves currently unavailable)
Will    .....      NoTele   +   (boots currently unavailable)
Stlth   +.........              (no amulet)
HPRegen 0.23/turn               (no ring)
MPRegen 0.11/turn               (no ring)

@: tree-form
A: stationary, stasis, torment immunity, boosted hp, (cold resistance 1), (fire
resistance 1)
a: Renounce Religion, Depart the Abyss, Bend Space, Banish


You were on level 5 of the Dungeon.
You worshipped Lugonu.
Lugonu was most pleased with you.
You were a tree.
You visited 1 branch of the dungeon, and saw 5 of its levels.
You visited the Abyss 1 time.
You also visited: Ossuary.

You collected 153 gold pieces.

Inventory:

Hand Weapons
 a - a +1 falchion (weapon)
 j - a +3 short sword
Missiles
 e - a poisoned dart (quivered)
Armour
 b - a +0 leather armour
 i - a +0 ring mail (melded)
 k - a +0 cloak (melded)
Magical Staves
 d - a staff of fire
Scrolls
 f - a scroll of silence {unknown}
 l - a scroll of teleportation {unknown}
 m - a scroll of enchant armour {unknown}
 p - a scroll of identify {unknown}
 r - a scroll of magic mapping {unknown}
 s - a scroll of enchant weapon {unknown}
 t - a scroll of vulnerability {unknown}
Potions
 h - a potion of mutation
 n - a potion of resistance


   Skills:
 - Level 4.0 Fighting
 * Level 7.3 Long Blades
 - Level 2.0 Armour
 - Level 1.0 Dodging
 - Level 3.0 Invocations


You had 6 spell levels left.
You didn't know any spells.
Your spell library was empty.

Dungeon Overview and Level Annotations

Branches:
Dungeon (5/15)            Ossuary (visited)
 Temple: D:4-7

Altars:
Dithmenos

Annotations:
D:4 Eustachio, Menkaure


Innate Abilities, Weirdness & Mutations

You are a tree.
Your roots penetrate the ground, keeping you stationary.
You cannot be teleported.
You are immune to unholy pain and torment.
Your maximum health is greatly increased.
Your equipment is partially melded.
((Your flesh is cold resistant. (rC+)))
((Your flesh is heat resistant. (rF+)))


Message History

A hound is nearby!
You feel sick.
You are no longer poisoned.
The hound barks!
You start resting.
There are monsters nearby!
You feel less invigorated.
You feel less confused.
The hound bites you but does no damage. x2
The hound bites you. The hound bites you but does no damage.
You barely miss the two-headed ogre. You closely miss the two-headed ogre.
The two-headed ogre hits you but does no damage. x2
You hit the two-headed ogre.
The two-headed ogre is lightly wounded.
You hit the two-headed ogre.
The two-headed ogre is lightly wounded.
The two-headed ogre hits you with a +0 giant spiked club!
* * * LOW HITPOINT WARNING * * *
The two-headed ogre hits you with a +0 giant club.
* * * LOW HITPOINT WARNING * * *
You hit the two-headed ogre.
The two-headed ogre is moderately wounded.
The two-headed ogre completely misses you.
The two-headed ogre hits you with a +0 giant club.
* * * LOW HITPOINT WARNING * * *
It was a potion of curing.
You feel better.
You barely miss the two-headed ogre.
The two-headed ogre is moderately wounded.
The two-headed ogre hits you with a +0 giant spiked club!
* * * LOW HITPOINT WARNING * * *
The two-headed ogre hits you with a +0 giant club!
* * * LOW HITPOINT WARNING * * *
Unknown command.
Press: ? - help, Shift-Dir - straight line, f - two-headed ogre
Aim: a two-headed ogre, wielding a +0 giant spiked club and a +0 giant club (moderately wounded, chance to affect: 67%)
You fail to use your ability.
The two-headed ogre hits you with a +0 giant spiked club!
You die...

#+## #######
......#.....##
#....>..#......# #
#.......#......# .#
#.......#......# ..#
#...... #.....## ...#
#..##.# ####..# ..[.#
##..##'######..##.....#
#..............♣Oh.....
#.....÷.........#......
###)##..#......## ##..#
####..########### #
.......# .....<.#
.......# #.##..##
#######


You could see a two-headed ogre and a hound.

Vanquished Creatures
  Sigmund (D:5)
  A water moccasin (D:5)
  Crazy Yiuf (D:2)
  A human zombie (D:4)
  A jelly (D:3)
  An orc priest (D:4)
  2 iguanas
  2 orc wizards (D:3)
  2 mummies
  3 adders
  A worm zombie (D:4)
  A worm (D:3)
  A dart slug (D:4)
  7 orcs
  4 bats
  5 endoplasms
  8 goblins
  4 hobgoblins
  3 quokkas (D:3)
  7 ball pythons
  4 frilled lizards
  2 gnoll zombies (Ossuary)
  2 hobgoblin zombies (Ossuary)
  10 kobolds
  2 kobold zombies (Ossuary)
  An orc zombie (Ossuary)
  4 rats
81 creatures vanquished.

Notes
Turn   | Place    | Note
-------+----------+-------------------------------------------
     0 | Abyss:1  | catcat the Human Abyssal Knight began the quest for the
                  | Orb.
     0 | Abyss:1  | Reached XP level 1. HP: 18/18 MP: 2/2
     6 | Abyss:1  | Found a corrupted altar of Lugonu.
   141 | Abyss:1  | Noticed a small abomination
   142 | D:1      | Escaped the Abyss
   537 | D:1      | Reached XP level 2. HP: 21/24 MP: 3/3
   577 | D:1      | Reached ** piety under Lugonu
   900 | D:1      | Reached skill level 3 in Long Blades
  1258 | D:2      | Found a shadowy altar of Dithmenos.
  1512 | D:2      | Reached XP level 3. HP: 29/29 MP: 4/4
  1741 | D:2      | Found a faded altar of an unknown god.
  1997 | D:2      | Found a runed translucent door.
  1998 | D:2      | Noticed Crazy Yiuf
  2016 | D:2      | Killed Crazy Yiuf
  2017 | D:2      | Reached skill level 4 in Long Blades
  2017 | D:2      | Reached XP level 4. HP: 18/35 MP: 5/5
  3182 | D:3      | Reached skill level 5 in Long Blades
  3182 | D:3      | Reached XP level 5. HP: 30/41 MP: 6/6
  3760 | D:3      | Reached *** piety under Lugonu
  3961 | D:4      | Found a sand-covered staircase.
  3978 | D:4      | Reached XP level 6. HP: 23/47 MP: 7/7
  3992 | D:4      | Reached skill level 6 in Long Blades
  3993 | D:4      | HP: 2/47 [worm zombie (7)]
  4150 | Ossuary  | Entered an ossuary
  4521 | D:4      | Noticed Eustachio
  4758 | D:4      | Noticed Menkaure
  4999 | D:5      | Entered Level 5 of the Dungeon
  5060 | D:5      | Noticed a two-headed ogre
  5317 | D:5      | Noticed Sigmund
  5341 | D:5      | Gained mutation: Your flesh is cold resistant. (rC+)
                  | [potion of mutation]
  5341 | D:5      | Gained mutation: Your flesh is heat resistant. (rF+)
                  | [potion of mutation]
  5349 | D:5      | Killed Sigmund
  5350 | D:5      | Reached XP level 7. HP: 29/54 MP: 9/9
  5526 | D:5      | Noticed a water moccasin
  5545 | D:5      | HP: 3/81 [poisoned by a water moccasin]
  5547 | D:5      | Killed a water moccasin
  5548 | D:5      | Reached skill level 7 in Long Blades
  5566 | D:5      | HP: 2/81 [two-headed ogre/+0 giant spiked club (14)]
  5567 | D:5      | Mangled by a two-headed ogre

Illustrated notes

Levels and vault maps discovered:
D:1:      dpeg_arrival_ternary, layout_loops_ring
D:2:      layout_basic, basic_altar, shapermc_ecumenical_altar_flowoftime,
          kennysheep_generic_room_9, uniq_crazy_yiuf_cottage
D:3:      layout_loops_corners, kennysheep_generic_room_2
D:4:      layout_rooms, enter_ossuary_3, uniq_eustachio, uniq_menkaure
D:5:      layout_gridville, good_gods_temple_1, hex_tiny,
          chequers_serial_rivers_micro_b, uniq_sigmund

Skill      XL: |  1  2  3  4  5  6  7 |
---------------+----------------------+-----
Long Blades    | 3 4 5 6 7 |  7.3
Invocations    | 3 |  3.0
Fighting       | 4 |  4.0
Armour         | |  2.0
Dodging        | |  1.0

Action                   |  1- 3 |  4- 6 |  7- 9 || total
-------------------------+-------+-------+-------++-------
Melee: Falchion          |    75 |   247 |    27 ||   349
       Punch             |       |     2 |       ||     2
Throw: Boomerang         |       |     2 |       ||     2
       Dart              |       |     1 |       ||     1
Invok: Depart the Abyss  |     1 |       |       ||     1
  Use: Potion            |       |     4 |     4 ||     8
Armor: Leather armour    |    15 |       |       ||    15
       Ring mail         |     3 |    67 |     7 ||    77
       Skin              |       |       |     8 ||     8
Dodge: Dodged            |    43 |   113 |     9 ||   165

Table legend: (Time is in decaauts)
 A = Elapsed time spent in this place.
 B = Non-inter-level travel time spent in this place.
 C = Inter-level travel time spent in this place.
 D = Time resting spent in this place.
 E = Time spent auto-exploring this place.
 F = Levels seen in this place.
 G = Mean time per level.
                   A        B        C        D        E       F      G
               +--------+--------+--------+--------+--------+-----+--------+
         Total |   5599 |   5282 |    317 |   2040 |   2294 |   7 |  799.9 |
       Dungeon |   5379 |   5062 |    317 |   2040 |   2128 |   5 | 1075.8 |
         Abyss |    142 |    142 |      0 |      0 |    139 |   1 |  142.0 |
       Ossuary |     77 |     77 |      0 |      0 |     27 |   1 |   77.0 |
               +--------+--------+--------+--------+--------+-----+--------+

Top non-repeatable levels by time:
     D:3: 2200 daAuts
     D:1: 1118 daAuts
     D:2: 1083 daAuts
     D:4: 631 daAuts
     D:5: 345 daAuts
 Abyss:1: 142 daAuts
 Ossuary: 77 daAuts
